 Dungeon Crawl Stone Soup version 0.17.1-3-g152610e (console) character file.

109 Sehdowjr the Conjurer (level 4, 0/24 HPs)
             Began as a Deep Elf Conjurer on Mar 11, 2016.
             Slain by an orc
             ... wielding a +0 trident
              (3 damage)
             ... on level 3 of the Dungeon.
             The game lasted 00:16:47 (2396 turns).

Sehdowjr the Conjurer (Deep Elf Conjurer)           Turns: 2396, Time: 00:16:47

Health: 0/24       AC:  3    Str:  5      XL:     4   Next: 60%
Magic:  0/12       EV:  8    Int: 18 (21) God:
Gold:   85         SH:  0    Dex: 15      Spells: 2 memorised, 7 levels left

rFire  . . .     SeeInvis .     (no weapon)
rCold  . . .     Clarity  .     a - +0 robe
rNeg   . . .     SustAt   .     (no shield)
rPois  .         Gourm    .     (no helmet)
rElec  .         Spirit   .     (no cloak)
rCorr  .         Warding  .     j - +0 pair of gloves
rMut   .         Stasis   .     (no boots)
MR     .....                    (no amulet)
Stlth  ++........               (no ring)
                                (no ring)

@: not resistant to hostile enchantments, unstealthy
A: no striking features
a: no special abilities


You were on level 3 of the Dungeon.
You were not hungry.

You visited 1 branch of the dungeon, and saw 3 of its levels.

You collected 85 gold pieces.

Inventory:

Armour
 a - a +0 robe (worn)
 j - a +0 pair of gloves (worn)
Jewellery
 g - an uncursed ring of flight {unknown}
Wands
 r - a wand of fireball (12)
Scrolls
 e - a scroll of remove curse {unknown}
 h - 3 scrolls of identify {unknown}
 m - a scroll of enchant armour {unknown}
 n - a scroll of fear {unknown}
 o - 2 scrolls of random uselessness {unknown}
 q - a scroll of recharging {unknown}
 t - a scroll of amnesia {unknown}
 u - a scroll of enchant weapon {unknown}
Potions
 d - a potion of curing
 f - a potion of degeneration
 i - 2 potions of might {unknown}
 s - a potion of brilliance
Books
 b - a book of Conjurations

   Spells                             Type                      Level
   a - Magic Dart                     Conjuration                  1
   b - Searing Ray                    Conjuration                  2
   c - Dazzling Spray                 Conjuration/Hexes            3
   d - Fulminant Prism                Conjuration/Hexes            4
   e - Iskenderun's Mystic Blast      Conjuration                  4
   f - Iskenderun's Battlesphere      Conjuration/Charms           5
Comestibles
 c - 4 bread rations
 k - a meat ration
 l - a slice of pizza


   Skills:
 - Level 2.5 Dodging
 - Level 2.5 Stealth
 + Level 4.7 Spellcasting
 + Level 5.7 Conjurations


You had 7 spell levels left.
You knew the following spells:

 Your Spells              Type           Power        Failure   Level  Hunger
a - Magic Dart            Conj           ####         1%          1    None
x - Iskenderun's Mystic   Conj           ####....     17%         4    ####...


Dungeon Overview and Level Annotations

Branches:
Dungeon (3/15)

Altars:
Trog


Message History

Aiming: Magic Dart
Press: ? - help, Shift-Dir - straight line, f - orc wizard
Aim: an orc wizard, wielding a dagger and wearing a robe (heavily wounded)
The magic dart hits the orc wizard.
The orc wizard is heavily wounded.
The orc hits you from afar with a trident.
* * * LOW HITPOINT WARNING * * *
The orc wizard hits you but does no damage.
Casting: Magic Dart
Confirm with . or Enter, or press ? or * to list all spells.
Aiming: Magic Dart
Press: ? - help, Shift-Dir - straight line, f/p - orc wizard
Aim: an orc wizard, wielding a dagger and wearing a robe (heavily wounded)
The magic dart hits the orc wizard.
The orc wizard is heavily wounded.
The orc wizard closely misses you. The orc closely misses you.
The orc wizard hits you with a dagger.
* * * LOW HITPOINT WARNING * * *
The orc hits you from afar with a trident.
You die...

####### ######
##.....## #....#
##.......## #....#
#.....†@..# #....#
#......o..# #<...#
#....o....# #÷...#
#.........# #...)##
#.........#
#.....###.........#
####.†............#
####..###...........
##.................#.


You could see an orc wizard and an orc.

Vanquished Creatures
  Jessica (D:2)
  2 adders (D:2)
  An ooze (D:2)
  A giant gecko (D:2)
  4 orcs (D:3)
  2 ball pythons
  5 giant cockroaches
  6 hobgoblins
  2 jackals (D:3)
  9 kobolds
  3 bats
  3 giant newts
  6 goblins
  8 rats
53 creatures vanquished.

Notes
Turn   | Place    | Note
--------------------------------------------------------------
     0 | D:1      | Sehdowjr the Deep Elf Conjurer began the quest for the Orb.
     0 | D:1      | Reached XP level 1. HP: 10/10 MP: 6/6
   342 | D:1      | Reached XP level 2. HP: 15/15 MP: 6/8
   479 | D:1      | Reached skill level 5 in Conjurations
  1163 | D:2      | Found a bloodstained altar of Trog.
  1168 | D:2      | Reached XP level 3. HP: 19/19 MP: 5/10
  1268 | D:2      | Noticed Jessica
  1273 | D:2      | Killed Jessica
  1620 | D:2      | Reached XP level 4. HP: 22/24 MP: 3/12
  1982 | D:2      | Learned a level 4 spell: Iskenderun's Mystic Blast
  2396 | D:3      | Slain by an orc

Action                   |  1- 3 |  4- 6 || total
-------------------------+-------+-------++-------
Melee: Unarmed           |     3 |       ||     3
 Cast: Magic Dart        |    69 |    47 ||   116
  Use: Potion            |     1 |     3 ||     4
  Eat: Chunk             |     2 |     2 ||     4
